 Dungeon Crawl Stone Soup version 0.18.1-5-g4a78601 (webtiles) character file.

180557 Gingerlord the Severer (level 18, -3/168 HPs)
             Began as a Hill Orc Wanderer on May 11, 2016.
             Was a Follower of Qazlal.
             Succumbed to something's poison gas
             ... on level 4 of the Swamp on May 12, 2016.
             The game lasted 01:44:51 (44601 turns).

Gingerlord the Severer (Hill Orc Wanderer)         Turns: 44601, Time: 01:44:51

Health: -3/168     AC: 32    Str: 20    XL:     18   Next: 27%
Magic:  29/29      EV: 18    Int: 11    God:    Qazlal [*.....]
Gold:   2087       SH: 14    Dex: 16    Spells: 0 memorised, 17 levels left

rFire  . . .     SeeInvis .     A - +5 broad axe (freeze)
rCold  + . .     Gourm    .     U - +1 plate armour {rC+}
rNeg   . . .     Faith    +     a - +0 shield {AC+3}
rPois  .         Spirit   .     n - +1 helmet
rElec  .         Dismiss  .     g - +0 cloak
rCorr  .         Reflect  .     T - +0 pair of gloves
SustAt .         Harm     .     k - +0 pair of boots
MR     +....                    X - amulet of faith
Stlth  ..........               J - +6 ring of evasion
                                j - +3 ring of protection

@: lethally poisoned (-3 -> -110), somewhat resistant to hostile enchantments,
extremely unstealthy
A: shaggy fur 1, strong 1
a: Renounce Religion


You were on level 4 of the Swamp.
You worshipped Qazlal.
Qazlal was aware of your devotion.
You were not hungry.

You visited 7 branches of the dungeon, and saw 32 of its levels.

You collected 2766 gold pieces.
You spent 679 gold pieces at shops.

Inventory:

Hand Weapons
 A - a +5 broad axe of freezing (weapon)
Armour
 a - a +0 shield of protection (worn)
 g - a +0 cloak (worn)
 k - a +0 pair of boots (worn)
 n - a +1 helmet (worn)
 T - a +0 pair of gloves (worn)
 U - a +1 plate armour of cold resistance (worn)
Rods
 P - a +5 lightning rod (11/11)
   (You found it on level 8 of the Lair of Beasts)
Jewellery
 f - a +4 ring of strength
 j - a +3 ring of protection (left hand)
 J - a +6 ring of evasion (right hand)
 L - an uncursed ring of sustain attributes
 X - an amulet of faith (around neck)
Wands
 I - a wand of teleportation (9/9)
 O - a wand of teleportation (7/9)
Scrolls
 l - 13 scrolls of remove curse
 v - 7 scrolls of enchant armour
 w - 5 scrolls of fog
 x - 2 scrolls of magic mapping
 y - 2 scrolls of teleportation
 Q - 5 scrolls of recharging
 R - 17 scrolls of identify
 V - 2 scrolls of amnesia
Potions
 e - 6 potions of haste
 o - a potion of magic
 p - 4 potions of cancellation
 r - 5 potions of agility
 F - 3 potions of brilliance
 K - 3 potions of cure mutation
 M - 2 potions of flight
 S - 6 potions of might
Comestibles
 c - a beef jerky
 d - 19 bread rations
 t - 7 meat rations
 u - 14 fruits
 H - 5 slices of pizza


   Skills:
 + Level 16.4 Fighting
 + Level 18.2 Axes
   Level 1.0 Bows
 + Level 15.4 Armour
 + Level 12.4 Dodging
 * Level 9.9 Shields
 - Level 15.8 Invocations
 - Level 2.0 Evocations


You had 17 spell levels left.
You didn't know any spells.

Dungeon Overview and Level Annotations

Branches:
Dungeon (15/15)            Temple (1/1) D:5            Lair (8/8) D:11
  Swamp (4/4) Lair:4       Spider (1/4) Lair:6        Slime (0/6) Lair:8
    Orc (2/2) D:10            Elf (0/3) Orc:2        Vaults (0/5) D:14
 Depths (1/5) D:15

Altars:
Ashenzari
Cheibriados
Dithmenos
Elyvilon
Fedhas
Makhleb
Nemelex Xobeh
Okawaru
Qazlal
Trog
Vehumet
Yredelemnul
Beogh
Jiyva

Shops:
Orc:2 *}*!

Portals:
Hell: Lair:8 Depths:1
Abyss: Depths:1

Annotations:
D:15 1 runed door
Lair:7 exclusion: 3 oklob plants
Depths:1 Mara


Innate Abilities, Weirdness & Mutations

You are covered in fur (AC +1).
Your muscles are strong. (Str +2)


Message History

You are more poisoned.
You are engulfed in poison gas.
You are more poisoned.
You feel extremely sick.
You enter the shallow water.
Moving in this stuff is going to be slow.
You are engulfed in poison gas.
You are more poisoned.
* * * LOW HITPOINT WARNING * * *
x2 You feel extremely sick.
Unknown command.
Drink which item? (? for menu, Esc to quit)
Okay, then.
Drink which item? (? for menu, Esc to quit)
Okay, then.
* * * LOW HITPOINT WARNING * * *
You feel extremely sick. The swamp dragon misses you.
You block the swamp dragon's attack. x2
Unknown command.
You die...

≈u.≈#≈ ≈..###§#.♣§.#≈≈≈§≈≈≈[♣
♣≈. #≈≈≈≈
≈≈≈##.≈≈≈≈§≈§#§.§≈≈≈≈♣♣ ♣≈.
≈≈≈≈. .≈≈#≈≈≈≈≈§§§§#§§§§≈≈≈♣ ♣♣♣
#≈≈≈# #≈≈#≈≈.≈§≈§≈#§§.≈.≈≈♣♣ ♣♣
. ≈#. #≈#≈≈≈≈§#§#≈#§≈.♣.≈≈.♣ ♣≈
#≈ # #≈≈#≈≈.#§#≈##.≈≈.≈≈≈.♣♣ ♣.
≈#≈ ≈≈≈#≈≈≈≈D#§#≈..≈≈≈.≈≈≈≈♣♣♣♣
#≈..
.≈..≈♣≈≈.#≈♣≈#≈.≈≈§≈.≈≈≈≈♣♣♣
≈.≈≈...≈≈≈#@#.≈♣♣♣≈.≈≈≈≈..♣♣
♣♣##♣♣##♣♣##.≈≈≈≈♣♣≈.≈≈≈≈..≈♣
#≈≈##♣.≈.....♣..≈≈≈≈.≈♣. ♣♣
♣♣≈≈≈≈≈...(..§.≈≈≈≈≈♣≈..
♣♣♣♣♣≈♣♣♣.≈≈≈≈.≈...≈.♣.≈≈≈≈....≈
♣≈≈.≈≈≈......≈..<≈..♣..≈≈≈≈h.≈≈≈
♣.≈≈.≈.§≈.≈..=....≈.♣≈≈≈..≈≈≈.≈≈
♣.....≈≈≈.....♣♣♣≈≈≈....♣♣♣≈.≈≈≈
♣..♣≈........≈♣♣≈≈≈...[♣≈..§≈≈≈


You could see a swamp dragon.

Vanquished Creatures
  An acid blob (shapeshifter) (Depths:1)
  A thorn hunter (Swamp:1)
  A tengu reaver (Depths:1)
  2 fire giants (Depths:1)
  10 orc warlords
  Louise (Swamp:1)
  A vampire knight (Depths:1)
  5 stone giants
  Nessos (Lair:6)
  A very ugly thing (Swamp:4)
  A dire elephant (Lair:8)
  2 death oozes (Swamp:4)
  4 ettins (Depths:1)
  2 green deaths (Swamp:4)
  2 great orbs of eyes (Depths:1)
  3 entropy weavers (Depths:1)
  An ice dragon (Depths:1)
  2 fire dragons (Depths:1)
  24 hydras
  A catoblepas (shapeshifter) (Depths:1)
  A ghost crab (Swamp:4)
  A hell beast (Swamp:4)
  3 centaur warriors
  11 alligators
  2 deep troll shamans (Depths:1)
  2 ogre magi (Depths:1)
  2 tengu warriors (Depths:1)
  3 orc high priests (Orc:2)
  4 large abominations (Swamp:4)
  A sun demon (Lair:8)
  5 skeletal warriors (D:15)
  3 deep trolls (Depths:1)
  A spark wasp zombie (D:15)
  2 unseen horrors
  2 shambling mangroves
  An orc knight (Orc:1)
  2 necromancers
  A hill giant (D:10)
  4 swamp dragons
  5 wolf spiders
  A shadow dragon zombie (D:15)
  3 griffons
  2 hornets
  19 ugly things
  A cyclops (D:13)
  2 orc sorcerers
  A sixfirhy (Lair:8)
  9 elephants
  27 slime creatures
  8 black mambas
  A torpor snail (Lair:7)
  5 orange demons
  Joseph (D:7)
  35 spiny frogs
  An efreet (D:15)
  2 rime drakes
  A hellwing (Lair:8)
  5 ice devils (Lair:8)
  2 red devils (Lair:8)
  11 komodo dragons
  5 yaktaurs (Depths:1)
  3 spriggan druids (Lair:5)
  6 trolls
  6 giant leeches
  4 jumping spiders
  3 polar bears
  A queen bee (Lair:6)
  4 two-headed ogres
  A dancing weapon (Depths:1)
  21 blink frogs
  11 bog bodies
  A fire dragon skeleton (D:15)
  Sigmund (D:6)
  8 tarantellas
  2 water elementals (Depths:1)
  23 redbacks
  6 shadows
  3 wraiths
  15 spriggans
  Grum (D:11)
  A hog (D:7)
  A human (D:7)
  7 basilisks
  34 yaks
  A yak (shapeshifter) (Depths:1)
  18 vampire mosquitoes
  5 hippogriffs
  A hippogriff (shapeshifter) (D:15)
  2 steam dragons
  2 hungry ghosts
  13 wargs
  A small abomination (Swamp:4)
  25 swamp worms
  9 water moccasins
  38 orc warriors
  5 swamp drakes
  13 porcupines
  2 sky beasts
  A black bear (shapeshifter) (Depths:1)
  3 ice beasts
  3 phantoms
  A black bear (D:13)
  14 wasps
  A necrophage (D:8)
  22 ogres
  9 centaurs
  An eye of draining (D:10)
  13 wolves
  18 crocodiles
  6 big kobolds
  A gnoll sergeant (Orc:2)
  22 giant frogs
  2 scorpions
  2 wyvern skeletons
  30 killer bees
  4 wights (D:9)
  7 howler monkeys
  6 crimson imps
  3 giant frog zombies
  5 jellies
  A quasit (D:11)
  4 centaur skeletons
  2 centaur zombies
  19 orc priests
  7 hounds
  8 iguanas
  17 orc wizards
  Natasha (thrice) (D:3)
  8 worker ants
  14 sheep
  2 hound skeletons
  10 adders
  10 gnolls
  16 river rats
  5 shadow imps
  3 oozes
  12 worms
  2 dart slugs
  4 giant geckos
  69 orcs
  A ball python (D:2)
  5 bats
  3 giant cockroaches
  9 goblins
  4 hobgoblins
  4 jackals (D:1)
  8 quokkas
  5 giant newts
  29 kobolds
  6 rats
  A butterfly (Depths:1)
  9 fungi
  3 plants
1039 creatures vanquished.

Vanquished Creatures (collateral kills)
  Snorg (D:10)
  An ettin (D:14)
  Harold (Lair:1)
  2 catoblepae
  A rakshasa (D:15)
  The ghost of zureal the Cleaver, a novice MiBe of Trog (D:10)
  A death yak (Lair:8)
  An orc high priest (Orc:2)
  A skeletal warrior (D:15)
  An unseen horror (D:15)
  A flayed ghost (D:15)
  A hill giant (D:14)
  A wizard (Lair:8)
  An orc knight (Orc:1)
  7 ugly things (D:15)
  A deep elf mage (D:14)
  A manticore (D:12)
  An orc sorcerer (Orc:1)
  3 black mambas
  4 trolls
  A centaur zombie (D:15)
  2 centaur skeletons
  2 spiny frogs (Lair:4)
  A rime drake (Lair:4)
  3 komodo dragons
  A boulder beetle (Lair:5)
  9 slime creatures
  13 blink frogs
  2 shadows
  2 basilisks
  An ettin skeleton (D:15)
  A spriggan (Lair:5)
  A wraith (D:13)
  15 yaks
  A hippogriff (D:13)
  3 vampire mosquitoes (D:15)
  3 wargs
  5 water moccasins
  5 porcupines
  13 orc priests
  10 orc warriors
  A sky beast (D:12)
  2 phantoms (D:12)
  4 ogres
  A centaur (D:13)
  4 crocodiles
  8 giant frogs
  A big kobold (D:13)
  A scorpion (D:10)
  3 killer bees (D:12)
  A howler monkey (D:12)
  A wight (D:9)
  A crimson imp (D:15)
  A quasit (D:13)
  A giant frog zombie (D:11)
  A hound (D:14)
  A jelly (D:10)
  8 orc wizards
  2 iguanas
  A worker ant (D:14)
  A sheep (Lair:3)
  2 gnolls (Orc:2)
  7 river rats
  A shadow imp (D:12)
  4 worms (Lair:8)
  22 orcs
  A plant (Lair:8)
  A withered plant (D:15)
208 creatures vanquished.

Vanquished Creatures (others)
  An orc warlord (Orc:1)
  3 orc high priests
  3 orc knights
  A hornet (Swamp:4)
  A two-headed ogre (Depths:1)
  16 orc priests
  12 orc warriors
  A wasp (Swamp:1)
  8 orc wizards
  70 orcs
  2 briar patches (Swamp:1)
  25 fungi
  14 plants
  4 withered plants (D:15)
161 creatures vanquished.

Grand Total: 1408 creatures vanquished

Notes
Turn   | Place    | Note
--------------------------------------------------------------
     0 | D:1      | Gingerlord the Hill Orc Wanderer began the quest for the Orb.
     0 | D:1      | Gingerlord set off with: a +2 hand axe, a +0 ring mail, a potion of curing, a bread ration
     0 | D:1      | Reached XP level 1. HP: 18/18 MP: 2/2
   124 | D:1      | Reached XP level 2. HP: 20/25 MP: 3/3
   515 | D:1      | Reached XP level 3. HP: 27/30 MP: 4/4
   554 | D:1      | Reached skill level 1 in Dodging
  1072 | D:2      | Reached XP level 4. HP: 34/38 MP: 5/5
  1410 | D:2      | Found a shadowy altar of Dithmenos.
  1698 | D:2      | Found a snail-covered altar of Cheibriados.
  1889 | D:3      | Found a faded altar to an unknown god.
  2263 | D:3      | Noticed Natasha
  2272 | D:3      | Killed Natasha
  2272 | D:3      | Reached skill level 5 in Axes
  2272 | D:3      | Reached XP level 5. HP: 34/45 MP: 2/6
  2529 | D:3      | Noticed Natasha
  2542 | D:3      | Killed Natasha
  2564 | D:3      | Noticed Natasha
  2581 | D:3      | Killed Natasha
  2816 | D:4      | Noticed an ogre
  2823 | D:4      | Killed an ogre
  2823 | D:4      | Reached XP level 6. HP: 12/53 MP: 1/7
  3289 | D:4      | Found a burning altar of Makhleb.
  3369 | D:4      | Became a worshipper of Beogh the Brigand
  3525 | D:5      | Entered Level 5 of the Dungeon
  3544 | D:5      | Reached skill level 6 in Axes
  3551 | D:5      | Found an iron altar of Okawaru.
  3562 | D:5      | Found a bloodstained altar of Trog.
  3611 | D:5      | Found a staircase to the Ecumenical Temple.
  3671 | D:5      | Reached XP level 7. HP: 38/60 MP: 5/8
  3815 | D:5      | Reached skill level 1 in Invocations
  3982 | D:5      | Reached skill level 5 in Fighting
  4059 | D:5      | Found a shattered altar of Ashenzari.
  4387 | D:6      | Noticed Sigmund
  4609 | D:6      | Reached XP level 8. HP: 69/69 MP: 7/10
  4739 | D:6      | Reached skill level 7 in Axes
  4993 | D:6      | Reached skill level 5 in Armour
  5192 | D:6      | Reached * piety under Beogh
  5378 | D:6      | Killed Sigmund
  5650 | D:7      | Noticed Joseph
  5909 | D:7      | Reached skill level 8 in Axes
  5909 | D:7      | Reached XP level 9. HP: 41/78 MP: 7/12
  5941 | D:7      | Reached skill level 5 in Invocations
  6851 | D:7      | Found a white marble altar of Elyvilon.
  6859 | D:7      | Got a pitted trident
  6860 | D:7      | Identified the cursed +0 trident of Equilibrium {speed, Fragile rC++ MR+++} (You found it on level 7 of the Dungeon)
  6941 | D:7      | Killed Joseph
  7321 | D:7      | Reached ** piety under Beogh
  7459 | D:8      | Reached skill level 5 in Dodging
  7498 | D:8      | Reached skill level 9 in Axes
  7563 | D:8      | Reached XP level 10. HP: 77/88 MP: 12/15
  8396 | D:9      | Reached *** piety under Beogh
  8434 | D:9      | Noticed a centaur warrior
  8459 | D:9      | Killed a centaur warrior
  8584 | D:9      | Reached skill level 10 in Axes
  8936 | D:9      | Reached XP level 11. HP: 96/97 MP: 17/17
  9004 | D:9      | Found a sparkling altar of Nemelex Xobeh.
  9102 | D:10     | Entered Level 10 of the Dungeon
  9138 | D:10     | Noticed zureal's ghost (novice MiBe)
  9154 | D:10     | Killed zureal's ghost
  9431 | D:10     | Killed an unseen horror
  9662 | D:10     | Noticed Snorg
  9712 | D:10     | Killed Snorg
 10141 | D:10     | Noticed a hill giant
 10149 | D:10     | Killed a hill giant
 10158 | D:10     | Reached skill level 10 in Fighting
 10158 | D:10     | Reached skill level 11 in Axes
 10625 | D:10     | Gained Boghold as an ally
 10860 | D:10     | Found a staircase to the Orcish Mines.
 10989 | D:11     | Found a staircase to the Lair.
 10993 | D:11     | Reached **** piety under Beogh
 11059 | Lair:1   | Entered Level 1 of the Lair of Beasts
 11212 | Lair:1   | Your ally Boghold died
 11215 | Lair:1   | Reached skill level 10 in Invocations
 11289 | Lair:1   | Noticed Harold
 11302 | Lair:1   | Killed Harold
 11302 | Lair:1   | Reached XP level 12. HP: 74/108 MP: 11/19
 12099 | Lair:2   | Reached skill level 10 in Armour
 12208 | Lair:2   | Reached skill level 12 in Axes
 13755 | Lair:3   | Identified a +0 rod of inaccuracy (14/14) (You found it on level 4 of the Dungeon)
 13900 | Lair:4   | Reached ***** piety under Beogh
 13904 | Lair:4   | Gained Berold as an ally
 14184 | Lair:4   | Found a staircase to the Swamp.
 14190 | Lair:4   | Reached XP level 13. HP: 115/117 MP: 21/21
 14407 | Lair:4   | You fall through a shaft for 3 floors!
 14418 | Lair:6   | Noticed Nessos
 14428 | Lair:6   | Killed Nessos
 14677 | Lair:5   | Reached skill level 13 in Axes
 15766 | Lair:5   | Your ally Berold died
 17861 | Lair:6   | Reached skill level 14 in Axes
 18337 | Lair:6   | Reached XP level 14. HP: 127/127 MP: 23/23
 18601 | Lair:6   | Found a hole to the Spider Nest.
 20573 | Lair:8   | Entered Level 8 of the Lair of Beasts
 20575 | Lair:8   | Found a staircase to the Slime Pits.
 20751 | Lair:8   | Found a viscous altar of Jiyva.
 20985 | Lair:8   | Reached skill level 15 in Axes
 21356 | Lair:8   | Gained Olfrun as an ally
 21459 | Lair:8   | Reached skill level 10 in Dodging
 21690 | Lair:8   | Found a burning altar of Makhleb.
 21698 | Lair:8   | Gained Thorok as an ally
 21703 | Lair:8   | Your ally Olfrun died
 21704 | Lair:8   | Your ally Thorok died
 22611 | Lair:8   | Noticed a dire elephant
 22625 | Lair:8   | Killed a dire elephant
 22626 | Lair:8   | Reached XP level 15. HP: 57/137 MP: 11/25
 23057 | Lair:8   | Found a gateway to Hell.
 23676 | D:11     | Gained Wulfoc as an ally
 23805 | D:11     | Noticed Grum
 23817 | D:11     | Killed Grum
 24409 | Orc:1    | Entered Level 1 of the Orcish Mines
 24409 | Orc:1    | Noticed an orc warlord
 24997 | Orc:2    | Entered Level 2 of the Orcish Mines
 25084 | Orc:2    | Gained Thorok as an ally
 25257 | Orc:2    | Found a staircase to the Elven Halls.
 25475 | Orc:2    | Found Esecsy's General Store.
 25475 | Orc:2    | Found Wozoguge's Distillery.
 25494 | Orc:2    | Bought a potion of might for 56 gold pieces
 25494 | Orc:2    | Bought 3 scrolls of identify for 84 gold pieces
 25494 | Orc:2    | Bought a scroll of teleportation for 42 gold pieces
 25503 | Orc:2    | Bought a potion of haste for 140 gold pieces
 25503 | Orc:2    | Bought a potion of might for 56 gold pieces
 25503 | Orc:2    | Bought a potion of curing for 42 gold pieces
 25503 | Orc:2    | Bought a potion of curing for 42 gold pieces
 25503 | Orc:2    | Bought a potion of might for 56 gold pieces
 25503 | Orc:2    | Bought a potion of agility for 56 gold pieces
 25515 | Orc:2    | Found a roughly hewn altar of Beogh.
 25703 | Orc:2    | Found Vurec's General Store.
 25704 | Orc:2    | Found Entuwea's Gadget Shop.
 25714 | Orc:2    | Gained Wargrak as an ally
 25756 | Orc:2    | Bought a potion of agility for 56 gold pieces
 25756 | Orc:2    | Bought a scroll of identify for 28 gold pieces
 25756 | Orc:2    | Bought a beef jerky for 21 gold pieces
 26930 | D:12     | Gained Bogdar as an ally
 27075 | D:12     | Gained Orbeogh as an ally
 27449 | D:12     | Reached ****** piety under Beogh
 27801 | D:13     | Gained Orgrim as an ally
 27805 | D:13     | Gained Boghold as an ally
 27913 | D:13     | Your ally Orgrim died
 27926 | D:13     | Reached skill level 16 in Axes
 27941 | D:13     | Your ally Wulfoc died
 28577 | D:14     | Found a blossoming altar of Fedhas.
 28865 | D:14     | Found a gate to the Vaults.
 29061 | D:15     | Entered Level 15 of the Dungeon
 29308 | D:15     | Found a runed door.
 29322 | D:15     | Found a staircase to the Depths.
 29335 | D:15     | Your ally Orbeogh died
 29336 | D:15     | Your ally Wargrak died
 29420 | D:15     | Reached skill level 15 in Invocations
 30305 | D:15     | Reached XP level 16. HP: 100/147 MP: 19/27
 30757 | Swamp:1  | Entered Level 1 of the Swamp
 30757 | Swamp:1  | Noticed Louise
 30775 | Swamp:1  | Killed Louise
 31013 | Swamp:1  | Noticed a thorn hunter
 31022 | Swamp:1  | Killed a thorn hunter
 31508 | Swamp:1  | Reached skill level 15 in Fighting
 31922 | Swamp:1  | Gained mutation: You are covered in fur (AC +1). [potion of beneficial mutation]
 31923 | Swamp:1  | Gained mutation: Your muscles are strong. (Str +2) [potion of beneficial mutation]
 32657 | Swamp:2  | Reached skill level 1 in Shields
 34312 | Temple   | Entered the Ecumenical Temple
 34329 | Temple   | Fell from the grace of Beogh
 34329 | Temple   | Became a worshipper of Qazlal Stormbringer
 34733 | Swamp:3  | Reached skill level 17 in Axes
 35140 | Swamp:4  | Entered Level 4 of the Swamp
 35287 | Swamp:4  | Reached * piety under Qazlal
 36147 | D:15     | Reached skill level 5 in Shields
 36164 | Depths:1 | Entered Level 1 of the Depths
 36249 | Depths:1 | Paralysed by a great orb of eyes for 7 turns
 36258 | Depths:1 | Reached XP level 17. HP: 125/156 MP: 28/28
 37127 | Depths:1 | Reached ** piety under Qazlal
 37903 | Depths:1 | Noticed a kraken
 37903 | Depths:1 | a kraken changed into an alligator snapping turtle
 37904 | Depths:1 | Noticed a caustic shrike
 37904 | Depths:1 | an alligator snapping turtle changed into a caustic shrike
 37912 | Depths:1 | Noticed an acid blob
 37912 | Depths:1 | a caustic shrike changed into an acid blob
 37917 | Depths:1 | Killed an acid blob
 38202 | Depths:1 | HP: 5/157 [Margrim the orc warlord/long sword[the wrath of Beogh] (24)]
 38835 | Depths:1 | Found a one-way gate to the infinite horrors of the Abyss.
 40137 | Depths:1 | Noticed Mara
 40138 | Depths:1 | Noticed Gingerlord's illusion
 40485 | Spider:1 | Entered Level 1 of the Spider Nest
 40500 | Spider:1 | Reached *** piety under Qazlal
 40665 | Spider:1 | Reached skill level 15 in Armour
 41850 | Swamp:3  | Reached XP level 18. HP: 56/166 MP: 29/29
 42227 | Swamp:4  | Reached skill level 18 in Axes
 44600 | Swamp:4  | HP: 8/168 [poisoned by something (poison gas)]
 44601 | Swamp:4  | Succumbed to something's poison gas

Skill      XL: |  1  2  3  4  5  6  7  8  9 10 11 12 13 14 15 16 17 18 |
---------------+-------------------------------------------------------+-----
Dodging        | 1 2 3 4 5 6 7 8 9 10 11 12 | 12.4
Fighting       | 3 4 5 6 7 9 10 11 12 13 14 15 16 | 16.4
Armour         | 3 4 6 7 8 9 10 11 12 13 14 15 | 15.4
Axes           | 5 6 8 9 10 11 12 14 15 16 17 18 | 18.2
Invocations    | 2 4 6 8 10 11 12 14 15 | 15.8
Shields        | 5 9 |  9.9
Bows           | |  1.0
Evocations     | |  2.0

Action                   |  1- 3 |  4- 6 |  7- 9 | 10-12 | 13-15 | 16-18 || total
-------------------------+-------+-------+-------+-------+-------+-------++-------
Melee: Hand axe          |    80 |   229 |    93 |       |       |       ||   402
       War axe           |       |       |   335 |       |       |       ||   335
       Battleaxe         |       |       |    28 |   648 |  1498 |   445 ||  2619
       Trident           |       |       |    18 |       |       |       ||    18
       Broad axe         |       |       |       |       |       |  1152 ||  1152
Invok: Convert to Beogh  |       |     1 |       |       |       |       ||     1
       Smiting           |       |       |       |     6 |    28 |    30 ||    64
       Recall Orcish Fol |       |       |       |       |     6 |       ||     6
       Upheaval          |       |       |       |       |       |    24 ||    24
  Use: Scroll            |       |     2 |     8 |    22 |    10 |    20 ||    62
       Potion            |       |       |     3 |     6 |     8 |    19 ||    36
 Stab: Distracted        |       |       |       |     5 |    13 |     1 ||    19
       Paralysed         |       |       |       |       |       |     1 ||     1
       Invisible         |       |       |       |       |       |     6 ||     6
  Eat: Chunk             |       |     6 |     9 |    14 |    23 |     2 ||    54
       Beef jerky        |       |     1 |     1 |     3 |     5 |     6 ||    16
       Pizza             |       |       |     3 |     1 |     2 |     3 ||     9
       Fruit             |       |       |       |     4 |       |     2 ||     6
       Royal jelly       |       |       |       |       |     7 |     4 ||    11
       Meat ration       |       |       |       |       |     2 |     3 ||     5
       Bread ration      |       |       |       |       |       |     3 ||     3
Armor: Ring mail         |    32 |    23 |       |       |       |       ||    55
       Plate armour      |       |    83 |   313 |   399 |   791 |   699 ||  2285
Dodge: Dodged            |    47 |    68 |   191 |   591 |  1327 |  1031 ||  3255
Block: Buckler           |       |       |       |       |       |    51 ||    51
       Shield            |       |       |       |       |       |   598 ||   598
